[Event "Titled Tuesday Blitz May 9 Early 2023"]
[White "Degenbaev, Aziz"]
[Black "Aldokhin, Ivan"]
[WhiteFideId "13802640"]
[BlackFideId "24115720"]
[WhiteElo "2152"]
[BlackElo "2322"]
[Result "0-1"]
[Round "07"]
[TimeControl "180+2"]
[Date "2023.05.09"]
[WhiteClock "0:00:01"]
[BlackClock "0:00:02"]

1. e4 c5 2. Nf3 e6 3. d4 cxd4 4. Nxd4 a6 5. c4 Qc7 6. Nc3 Nf6 7. a3 d6 8. f4 b6 9. f5 Nc6 10. fxe6 fxe6 11. Nxc6 Qxc6 12. Bd3 Be7 13. O-O O-O 14. Qe2 Bb7 15. Bg5 h6 16. Bh4 Rf7 17. Rae1 Raf8 18. e5 dxe5 19. Bg6 Bc5+ 20. Kh1 Bd4 21. Bxf7+ Rxf7 22. Bxf6 Rxf6 23. Rxf6 gxf6 24. Qg4+ Kf7 25. h4 f5 26. Rf1 Qxc4 27. Ne2 Qd3 28. h5 Qe4 29. Qg6+ Ke7 30. Qg7+ Kd6 31. Qf8+ Kd7 32. Qf7+ Kc8 33. Rc1+ Bc5 34. Qxe6+ Kb8 35. Qg8+ Ka7 36. Ng1 Qh4+ 0-1


[Site "https://www.chess.com"]

[Event "Titled Tuesday Blitz May 9 Early 2023"]
[White "Horak, Martin"]
[Black "Concio, Michael Jr."]
[WhiteFideId "367095"]
[BlackFideId "5217873"]
[WhiteElo "2091"]
[BlackElo "2263"]
[Result "1-0"]
[Round "07"]
[TimeControl "180+2"]
[Date "2023.05.09"]
[WhiteClock "0:00:05"]
[BlackClock "0:00:03"]

1. e4 e5 2. Nc3 Nc6 3. Bc4 Bc5 4. d3 d6 5. f4 Nge7 6. Nf3 a6 7. Ng5 d5 8. Nxd5 Be6 9. Nxe6 fxe6 10. Nxe7 Qxe7 11. c3 b5 12. Bb3 O-O-O 13. Qe2 Rhf8 14. Rf1 Qd6 15. Bc2 exf4 16. e5 Qd5 17. Bxf4 g5 18. Bg3 Rxf1+ 19. Qxf1 Rf8 20. Qe2 Bb6 21. Bb3 Qd7 22. O-O-O a5 23. d4 a4 24. Bc2 Ne7 25. c4 bxc4 26. Qxc4 a3 27. Qa6+ Kb8 28. Qxa3 Rd8 29. Ba4 Nc6 30. Qc3 Kb7 31. d5 exd5 32. e6 Qxe6 33. Re1 Qg6 34. Bc2 d4 35. Qd3 Qxd3 36. Bxd3 h6 37. Be4 Ba5 38. Rd1 Kb6 39. Rd3 Ne7 40. Rb3+ Kc5 41. a3 Bb6 42. Bd3 c6 43. Rb4 Nd5 44. Rc4+ Kb5 45. Rxd4+ Ka5 46. Rc4 c5 47. Bc2 Kb5 48. Re4 Kc6 49. Ba4+ Kb7 50. Bb3 Nc7 51. Re7 Kc6 52. Bc4 Rd7 53. Rxd7 Kxd7 54. Kc2 Ne6 55. Kd3 Nd4 56. b4 cxb4 57. axb4 Nc6 58. Bb5 Bg1 59. Kc4 h5 60. Kd5 h4 61. Bxc6+ Ke7 62. Be5 g4 63. b5 Kf7 64. h3 Kg6 65. hxg4 Kg5 66. Bd7 Bb6 67. Kc6 1-0


[Site "https://www.chess.com"]

[Event "Titled Tuesday Blitz May 9 Early 2023"]
[White "Sahib Singh"]
[Black "Shvedova, Alexandra"]
[WhiteFideId "25618342"]
[BlackFideId "54154782"]
[WhiteElo "1934"]
[BlackElo "1973"]
[Result "1-0"]
[Round "07"]
[TimeControl "180+2"]
[Date "2023.05.09"]
[WhiteClock "0:00:19"]
[BlackClock "0:00:01"]

1. e4 e5 2. Nf3 Nc6 3. Bb5 Nf6 4. O-O Nxe4 5. d4 Nd6 6. Bxc6 dxc6 7. dxe5 Nf5 8. Qxd8+ Kxd8 9. Nc3 Ke8 10. Ne2 Be6 11. Ned4 Nxd4 12. Nxd4 Bd5 13. Be3 Rd8 14. b3 a6 15. c4 c5 16. Ne2 Bc6 17. Rad1 Be7 18. Nf4 b6 19. Nd5 Rd7 20. f4 g6 21. Rd2 Kd8 22. Rfd1 Kc8 23. a4 Bd8 24. Kf2 Kb7 25. h3 h5 26. g3 Re8 27. Rd3 Rh8 28. Bc1 Re8 29. Bb2 Re6 30. Ne3 Rxd3 31. Rxd3 Be7 32. Nd5 Kc8 33. g4 hxg4 34. hxg4 Bd8 35. Rh3 Re8 36. Rh7 Rf8 37. f5 gxf5 38. gxf5 b5 39. axb5 axb5 40. Ba3 b4 41. Bc1 Bd7 42. Rh5 Rg8 43. Be3 c6 44. Nf4 Bg5 45. e6 fxe6 46. fxe6 Be8 47. Rh7 Rf8 48. Kg3 Bf6 49. Bxc5 Rg8+ 50. Kf3 Be5 51. Bxb4 Kd8 52. e7+ Kd7 53. Nd3 Bd4 54. Rh4 c5 55. Nxc5+ Bxc5 56. Bxc5 Rg5 57. b4 Rf5+ 58. Ke4 Rf1 59. Rh3 Rc1 60. Rd3+ Ke6 61. Rd8 Kf7 62. Kd5 Rd1+ 63. Ke5 Re1+ 64. Kd6 Rc1 65. b5 Rxc4 66. b6 Rc1 67. b7 Rd1+ 68. Kc7 Rc1 69. b8=Q Rxc5+ 70. Kd6 Rc6+ 71. Kd5 1-0


[Site "https://www.chess.com"]

[Event "Titled Tuesday Blitz May 9 Early 2023"]
[White "Pourkashiyan, Atousa"]
[Black "Tasev, Dejan"]
[WhiteFideId "12502014"]
[BlackFideId "936618"]
[WhiteElo "2228"]
[BlackElo "2244"]
[Result "0-1"]
[Round "07"]
[TimeControl "180+2"]
[Date "2023.05.09"]
[WhiteClock "0:00:00"]
[BlackClock "0:01:08"]

1. e4 e5 2. Nf3 Nc6 3. Bb5 a6 4. Ba4 Nf6 5. O-O b5 6. Bb3 Be7 7. h3 O-O 8. Re1 Bb7 9. d3 d6 10. Nc3 Na5 11. Nd5 Nxb3 12. Nxe7+ Qxe7 13. axb3 c5 14. Bg5 h6 15. Bh4 Qe6 16. Qd2 Nh7 17. Bg3 f5 18. exf5 Qxf5 19. Nh4 Qf7 20. Qe2 Ng5 21. Rf1 Rae8 22. Qd2 Ne6 23. b4 g5 24. Nf3 Bxf3 25. gxf3 Nd4 26. Qd1 Qf5 27. Kg2 h5 28. h4 gxh4 29. Bxh4 Nxf3 30. Bg3 h4 31. Rh1 hxg3 32. Rh3 Nh4+ 33. Rxh4 Qxf2+ 0-1


[Site "https://www.chess.com"]

[Event "Titled Tuesday Blitz May 9 Early 2023"]
[White "Weishaeutel, Moritz"]
[Black "Devaev, Alexander"]
[WhiteFideId "12967300"]
[BlackFideId "4169395"]
[WhiteElo "2301"]
[BlackElo "2172"]
[Result "1-0"]
[Round "07"]
[TimeControl "180+2"]
[Date "2023.05.09"]
[WhiteClock "0:00:04"]
[BlackClock "0:00:00"]

1. e4 c6 2. d4 d5 3. exd5 cxd5 4. Bd3 Nf6 5. c3 Qc7 6. h3 g6 7. Nf3 Bf5 8. O-O Nc6 9. Re1 e6 10. Bg5 Be7 11. Bb5 h6 12. Bh4 a6 13. Bxc6+ Qxc6 14. Nbd2 g5 15. Bg3 Nd7 16. Ne5 Nxe5 17. Bxe5 O-O 18. Qh5 f6 19. Bh2 Kg7 20. Qe2 Kf7 21. Qh5+ Bg6 22. Qe2 Rae8 23. c4 Bd8 24. Rac1 Qd7 25. Nb3 dxc4 26. Nc5 Qd5 27. Rxc4 Bb6 28. Nb3 Re7 29. Rec1 Rd8 30. Rb4 Ba7 31. Bg3 Red7 32. Nc5 Bxc5 33. Rxc5 Qxa2 34. Rb6 h5 35. Bc7 Re8 36. Rxb7 1-0


[Site "https://www.chess.com"]

[Event "Titled Tuesday Blitz May 9 Early 2023"]
[White "Rom, Jasper"]
[Black "Akash G"]
[WhiteFideId "2023733"]
[BlackFideId "5040299"]
[WhiteElo "2233"]
[BlackElo "2395"]
[Result "1-0"]
[Round "07"]
[TimeControl "180+2"]
[Date "2023.05.09"]
[WhiteClock "0:00:53"]
[BlackClock "0:00:15"]

1. e4 c5 2. Nc3 Nc6 3. f4 g6 4. Nf3 Bg7 5. Bb5 Nd4 6. O-O a6 7. Bc4 Nf6 8. e5 Nh5 9. d3 f5 10. Nxd4 cxd4 11. Ne2 d6 12. Nxd4 dxe5 13. Ne2 b5 14. Bb3 Bb7 15. fxe5 Bxe5 16. d4 Bc7 17. Nf4 Qd6 18. g3 O-O-O 19. c3 Nxf4 20. Bxf4 Qc6 21. d5 Qc5+ 22. Qd4 Qxd4+ 23. cxd4 Bxd5 24. Rac1 Bc4 25. Bxc4 Bxf4 26. Be6+ Kb8 27. Rxf4 Rxd4 28. Rxd4 1-0


[Site "https://www.chess.com"]

[Event "Titled Tuesday Blitz May 9 Early 2023"]
[White "Kohler, Aran"]
[Black "Sieciechowicz, Marcin"]
[WhiteFideId "1002856"]
[BlackFideId "1130170"]
[WhiteElo "2373"]
[BlackElo "2302"]
[Result "1-0"]
[Round "07"]
[TimeControl "180+2"]
[Date "2023.05.09"]
[WhiteClock "0:01:58"]
[BlackClock "0:02:06"]

1. d4 d5 2. Nf3 Nf6 3. Bg5 Ne4 4. Bf4 c5 5. e3 e6 6. c3 Nc6 7. Nbd2 f5 8. Nxe4 fxe4 9. Ne5 g6 10. Bb5 Bd7 11. Nxd7 Qxd7 12. Be5 Bg7 13. Bxc6 bxc6 14. Bxg7 Qxg7 15. dxc5 O-O 16. O-O Rab8 17. Qc2 a5 18. a3 a4 19. Rab1 Rb3 20. c4 Rfb8 21. cxd5 exd5 22. h3 h5 23. Rfd1 Rxb2 24. Rxb2 Rxb2 25. Qxa4 Qf6 26. Rf1 Rb5 27. Qa8+ Kh7 28. a4 Rxc5 29. Qa7+ 1-0


[Site "https://www.chess.com"]

[Event "Titled Tuesday Blitz May 9 Early 2023"]
[White "Van Dael, Siem"]
[Black "Ismagilov, Damir"]
[WhiteFideId "1049771"]
[BlackFideId "34199982"]
[WhiteElo "2336"]
[BlackElo "2143"]
[Result "0-1"]
[Round "07"]
[TimeControl "180+2"]
[Date "2023.05.09"]
[WhiteClock "0:00:01"]
[BlackClock "0:00:21"]

1. e4 e5 2. Nf3 Nc6 3. Bc4 Bc5 4. c3 Nf6 5. d4 exd4 6. b4 Bb6 7. e5 Ne4 8. Bd5 Nxc3 9. Nxc3 dxc3 10. Bg5 Ne7 11. O-O h6 12. Bh4 c2 13. Qd3 g5 14. Nxg5 hxg5 15. Bxg5 d6 16. Rae1 Be6 17. Bxb7 Rb8 18. Ba6 dxe5 19. Bb5+ Kf8 20. Qg3 Nf5 21. Qxe5 Qd4 22. Qf6 Qxf6 23. Bxf6 Rh6 24. Bb2 Rd8 25. g4 Nd4 26. Re3 Nxb5 0-1


[Site "https://www.chess.com"]

[Event "Titled Tuesday Blitz May 9 Early 2023"]
[White "Yaniuk, Volodymyr"]
[Black "Abdilkhair, Abilmansur"]
[WhiteFideId "14133083"]
[BlackFideId "13716417"]
[WhiteElo "2141"]
[BlackElo "2215"]
[Result "1-0"]
[Round "07"]
[TimeControl "180+2"]
[Date "2023.05.09"]
[WhiteClock "0:00:24"]
[BlackClock "0:00:03"]

1. d4 Nf6 2. c4 e6 3. g3 d5 4. Bg2 c6 5. Nf3 Be7 6. O-O Nbd7 7. Nfd2 O-O 8. Nc3 b6 9. e4 Ba6 10. e5 Ne8 11. b3 Nc7 12. Re1 c5 13. dxc5 Nxc5 14. cxd5 Nxd5 15. Nxd5 exd5 16. Nf3 Nd3 17. Re3 Nxc1 18. Rxc1 Ba3 19. Rc2 Bc5 20. Nd4 Rc8 21. h3 Qd7 22. Rec3 Rfe8 23. f4 g6 24. Kh2 h5 25. h4 Qb7 26. Nf3 Be7 27. Nd4 Rxc3 28. Rxc3 Bb4 29. Rc2 Qd7 30. Bh3 Qb7 31. e6 Bc5 32. f5 fxe6 33. Nxe6 gxf5 34. Bxf5 Qf7 35. Qxd5 Bb7 36. Qe5 Bc8 37. Re2 Bf8 38. Re4 Bg7 39. Qxg7+ Qxg7 40. Nxg7 Rxe4 41. Bxe4 Kxg7 42. Kg2 Kf6 43. Kf2 Ke5 44. Bf3 Bg4 45. Bxg4 hxg4 46. Ke3 Kf5 47. Kd4 a6 48. a4 a5 49. Kd5 Kf6 50. Ke4 Kg6 51. Kf4 Kh5 52. Kf5 Kh6 53. Kxg4 Kg6 54. Kf4 Kf6 55. Ke4 Ke6 56. Kd4 Kf5 57. Kc4 Kg4 58. Kb5 Kxg3 59. h5 Kh4 60. h6 1-0


[Site "https://www.chess.com"]

[Event "Titled Tuesday Blitz May 9 Early 2023"]
[White "Salman, Pavel"]
[Black "Piesik, Piotr"]
[WhiteFideId "24153753"]
[BlackFideId "1136194"]
[WhiteElo "2187"]
[BlackElo "2299"]
[Result "0-1"]
[Round "07"]
[TimeControl "180+2"]
[Date "2023.05.09"]
[WhiteClock "0:00:06"]
[BlackClock "0:00:08"]

1. d4 c5 2. d5 e5 3. c4 d6 4. Nc3 Be7 5. e4 Bg5 6. Bd3 Bxc1 7. Qxc1 Ne7 8. Nge2 O-O 9. Ng3 Nd7 10. h4 Ng6 11. Nf5 Nf4 12. Bf1 g6 13. Nxd6 f5 14. g3 Nh5 15. Be2 Ng7 16. h5 Qf6 17. Ndb5 Nb6 18. hxg6 hxg6 19. Qh6 Bd7 20. a4 a6 21. Na3 Nxa4 22. Nab1 Nxc3 23. Nxc3 f4 24. gxf4 Qxf4 25. Qxg6 Qxf2+ 26. Kd2 Rf6 27. Qh7+ Kf7 28. Rag1 Rg8 29. Rf1 Qd4+ 30. Kc2 Rf4 31. Rxf4+ exf4 32. Rf1 Qe5 33. d6 Kf8 34. Nd5 Be6 35. Rxf4+ Ke8 36. Qg6+ Kd8 37. Qf6+ Qxf6 38. Nxf6 Rh8 39. e5 Rh2 40. Kd1 Nf5 41. Ng4 Rg2 42. Kd2 Nd4 43. Re4 Bxg4 44. Rxg4 Rxe2+ 45. Kd3 Rxe5 46. b4 b6 47. bxc5 bxc5 48. Rg7 Re6 49. Ra7 Rxd6 50. Ke4 Nc6 51. Rxa6 Kc7 52. Ra1 Rd4+ 53. Ke3 Rxc4 54. Rh1 Rd4 55. Rh6 Kb6 56. Ke2 Rd8 57. Ke1 Kb5 58. Rh5 Kb4 59. Rh6 Nd4 60. Rb6+ Kc3 61. Kd1 c4 62. Rh6 Rg8 63. Rh3+ Kb4 64. Kd2 Nb3+ 65. Kc2 Rg2+ 66. Kd1 Nd4 67. Kc1 c3 68. Kd1 Rg1# 0-1


[Site "https://www.chess.com"]

[Event "Titled Tuesday Blitz May 9 Early 2023"]
[White "Danielyan, Vahe"]
[Black "ArrestingPieces"]
[WhiteFideId "13304828"]
[WhiteElo "2423"]
[BlackElo "2403"]
[Result "1-0"]
[Round "07"]
[TimeControl "180+2"]
[Date "2023.05.09"]
[WhiteClock "0:00:25"]
[BlackClock "0:00:05"]

1. e4 e5 2. Nf3 Nc6 3. d4 exd4 4. Nxd4 Nf6 5. Nxc6 bxc6 6. e5 Qe7 7. Qe2 Nd5 8. c4 Ba6 9. b3 Qh4 10. Bb2 Bb4+ 11. Kd1 Nf4 12. Qe4 Qxf2 13. Bd4 Qh4 14. Kc2 Ng6 15. Qxh4 Nxh4 16. c5 Nf5 17. Bf2 Bxf1 18. Rxf1 d6 19. a3 Bxc5 20. Bxc5 dxc5 21. Rxf5 O-O 22. Nc3 Rae8 23. Raf1 Re6 24. Ne4 Rfe8 25. Rxf7 Rxe5 26. Nc3 R5e7 27. Rxe7 Rxe7 28. Rf5 Re6 29. Rxc5 Rf6 30. Kd3 Rf2 31. Rg5 h6 32. Rg3 Rb2 33. Kc4 Kf7 34. Ne4 Rc2+ 35. Kb4 g5 36. h3 Ke6 37. Rc3 Rxg2 38. Rxc6+ Kd5 39. Rc4 Rh2 40. Nf6+ Ke6 41. Ng4 Rxh3 42. Nxh6 a5+ 43. Ka4 Kd5 44. Ng4 Rh4 45. Kxa5 Rh3 46. Kb4 Kd6 47. a4 Kd7 48. a5 Kc8 49. Ne5 Kb7 50. Nd7 g4 51. Nc5+ Ka7 52. Rxg4 Rh1 53. Rc4 Rh3 54. Ne6 Rh7 55. Rxc7+ Ka6 56. Nc5# 1-0


[Site "https://www.chess.com"]

[Event "Titled Tuesday Blitz May 9 Early 2023"]
[White "Gatterer, Florian"]
[Black "Skliarov, Viktor"]
[WhiteFideId "811688"]
[BlackFideId "14106736"]
[WhiteElo "2221"]
[BlackElo "2317"]
[Result "0-1"]
[Round "07"]
[TimeControl "180+2"]
[Date "2023.05.09"]
[WhiteClock "0:01:03"]
[BlackClock "0:00:43"]

1. c4 e5 2. g3 Nf6 3. Bg2 c6 4. d4 exd4 5. Qxd4 Na6 6. Nc3 Bc5 7. Qd1 Ng4 8. e3 Ne5 9. Qe2 Nb4 10. Ne4 Be7 11. Nf3 Nbd3+ 12. Kf1 Nxc1 13. Rxc1 Nxf3 14. Bxf3 O-O 15. Kg2 d6 16. Rhd1 Qc7 17. h4 h6 18. Bg4 f5 19. Bf3 fxe4 20. Bxe4 Bf5 21. Bxf5 Rxf5 22. Qd3 Raf8 23. Rc2 Qc8 24. Qe4 Re5 25. Qd3 Qg4 26. Qe2 Qe4+ 27. Kh3 Bxh4 28. Rd4 Qh1+ 29. Kg4 Rg5# 0-1


[Site "https://www.chess.com"]

[Event "Titled Tuesday Blitz May 9 Early 2023"]
[White "Garv Gaur"]
[Black "Kalajzic, Ivan"]
[WhiteFideId "45030839"]
[BlackFideId "14506378"]
[WhiteElo "2068"]
[BlackElo "2203"]
[Result "1-0"]
[Round "07"]
[TimeControl "180+2"]
[Date "2023.05.09"]
[WhiteClock "0:00:07"]
[BlackClock "0:00:00"]

1. e4 Nc6 2. Nc3 Nf6 3. Nf3 d5 4. e5 d4 5. exf6 dxc3 6. fxg7 cxd2+ 7. Bxd2 Bxg7 8. c3 Bf5 9. Bc4 O-O 10. O-O Bd3 11. Bxd3 Qxd3 12. Re1 Rad8 13. Qb3 Qa6 14. Bg5 Rfe8 15. Rad1 Rxd1 16. Rxd1 e5 17. Rd7 Rf8 18. Rxc7 Qe2 19. h3 e4 20. Nd2 Ne5 21. Be3 Rd8 22. Nxe4 Rd1+ 23. Kh2 Nf3+ 24. gxf3 Be5+ 25. Kg2 Bxc7 26. f4 Qf1+ 27. Kg3 Qg1+ 28. Kh4 Bd8+ 29. Ng5 Bxg5+ 30. fxg5 Qg2 31. Qc4 Rd8 32. Qc7 Re8 33. Qg3 Qxg3+ 34. Kxg3 a6 35. Kf4 Kg7 36. Kf5 Rd8 37. Bd4+ Kg8 38. h4 b5 39. h5 b4 40. Ke4 bxc3 41. bxc3 Re8+ 42. Kd3 Rb8 43. Kc2 Rb5 44. f4 f5 45. a4 Rb7 46. Kd3 Kf7 47. Kc4 Ke6 48. Be5 Rb6 49. Kc5 Rb3 50. h6 Rb7 51. Kc6 Rb3 52. g6 Ra3 53. gxh7 Rxa4 54. h8=Q Rc4+ 55. Kb6 Kd5 56. Qg8+ 1-0


[Site "https://www.chess.com"]

[Event "Titled Tuesday Blitz May 9 Early 2023"]
[White "Avalos Parra, Joao"]
[Black "Brunner, Nicolas"]
[WhiteFideId "3402541"]
[BlackFideId "620246"]
[WhiteElo "2173"]
[BlackElo "2327"]
[Result "0-1"]
[Round "07"]
[TimeControl "180+2"]
[Date "2023.05.09"]
[WhiteClock "0:00:26"]
[BlackClock "0:00:16"]

1. d4 d5 2. c4 e6 3. Nf3 Nf6 4. Nc3 Be7 5. Bf4 O-O 6. e3 b6 7. Rc1 Bb7 8. Be2 dxc4 9. Bxc4 a6 10. O-O b5 11. Bd3 Nbd7 12. b3 c5 13. dxc5 Nxc5 14. Be2 Qb6 15. Ne5 Rfd8 16. Qc2 Rac8 17. Qb1 Nce4 18. Nxe4 Nxe4 19. Rxc8 Rxc8 20. Bd3 f5 21. Bxe4 Bxe4 22. Qd1 Qb7 23. f3 Bd5 24. Qd3 b4 25. Rd1 Rc3 26. Qd2 Bc5 27. h4 g6 28. Kh2 Qa7 29. e4 fxe4 30. fxe4 Bxe4 31. Qd8+ Bf8 32. Rd7 Qf2 33. Bh6 Qxg2# 0-1


[Site "https://www.chess.com"]

[Event "Titled Tuesday Blitz May 9 Early 2023"]
[White "Janaszak, Dawid"]
[Black "Kirillov, Dmitry"]
[WhiteFideId "1119206"]
[BlackFideId "34180572"]
[WhiteElo "2220"]
[BlackElo "2161"]
[Result "1-0"]
[Round "07"]
[TimeControl "180+2"]
[Date "2023.05.09"]
[WhiteClock "0:00:28"]
[BlackClock "0:00:04"]

1. e4 c6 2. d4 d5 3. exd5 cxd5 4. Bd3 Nc6 5. c3 Nf6 6. Bf4 g6 7. Nf3 Bg7 8. O-O O-O 9. Ne5 Bf5 10. Re1 Rc8 11. Na3 a6 12. Bxf5 gxf5 13. Nc2 e6 14. h3 Ne7 15. g4 fxg4 16. hxg4 Ng6 17. Bg3 Ne4 18. Nxg6 fxg6 19. Qd3 Qf6 20. Rxe4 dxe4 21. Qxe4 Rce8 22. Re1 Qf3 23. Qxf3 Rxf3 24. Kg2 Rf7 25. Ne3 Rfe7 26. Nc4 g5 27. a4 h6 28. a5 Rc8 29. Nb6 Rd8 30. Kf1 Kf7 31. Re4 Kg6 32. d5 e5 33. c4 h5 34. gxh5+ Kxh5 35. c5 Kg6 36. Ke2 Kf5 37. f3 Bf8 38. d6 Re6 39. b4 Bh6 40. Kd3 Rg8 41. Nc4 g4 42. fxg4+ Rxg4 43. Rxg4 Kxg4 44. Bxe5 Bg5 45. Ke4 Bd8 46. Kd5 Kf5 47. Ne3+ 1-0


[Site "https://www.chess.com"]

[Event "Titled Tuesday Blitz May 9 Early 2023"]
[White "Sreyas Payyappat"]
[Black "I_KID_you_not"]
[WhiteFideId "46674969"]
[WhiteElo "2043"]
[BlackElo "2305"]
[Result "1-0"]
[Round "07"]
[TimeControl "180+2"]
[Date "2023.05.09"]
[WhiteClock "0:00:09"]
[BlackClock "0:00:57"]

1. e4 c5 2. Nf3 Nc6 3. d4 cxd4 4. Nxd4 Nf6 5. Nc3 h5 6. f4 d6 7. Be2 Qb6 8. Be3 Ng4 9. Bxg4 Bxg4 10. Qd2 Qa5 11. O-O g6 12. f5 gxf5 13. exf5 Bg7 14. h3 Nxd4 15. Bxd4 Bxd4+ 16. Qxd4 O-O-O 17. hxg4 hxg4 18. Qxg4 Qc5+ 19. Rf2 Rdg8 20. Qf3 Qe5 21. Qf4 Qg7 22. Re1 Qh7 23. Kf1 Qh5 24. f6 e6 25. Qf3 Qc5 26. Ke2 d5 27. Kd2 d4 28. Ne4 Qc4 29. Qb3 1-0


[Site "https://www.chess.com"]

[Event "Titled Tuesday Blitz May 9 Early 2023"]
[White "Mirzoev, Azer"]
[Black "Korelskiy, Egor"]
[WhiteFideId "13400304"]
[BlackFideId "34329064"]
[WhiteElo "2525"]
[BlackElo "2156"]
[Result "0-1"]
[Round "07"]
[TimeControl "180+2"]
[Date "2023.05.09"]
[WhiteClock "0:00:00"]
[BlackClock "0:01:28"]

1. c4 e6 2. Nc3 d5 3. e3 c6 4. d4 Nf6 5. f4 Bb4 6. Nf3 O-O 7. Bd3 Ne4 8. Qc2 f5 9. O-O Nd7 10. a3 Bd6 11. c5 Bc7 12. b4 a6 13. Rb1 b6 14. Bd2 Bb7 15. Be1 Qe8 16. cxb6 Nxb6 17. Na4 Nxa4 18. Qxa4 Qd8 19. Ne5 Bb8 20. Rc1 Bxe5 21. fxe5 Qg5 22. Rf3 f4 23. Bxe4 dxe4 24. exf4 Rxf4 25. Rxf4 Qxf4 26. Qd1 Rf8 27. Bg3 Qe3+ 28. Kh1 Qxa3 29. Qe1 e3 30. Ra1 e2 0-1


[Site "https://www.chess.com"]

[Event "Titled Tuesday Blitz May 9 Early 2023"]
[White "Baches Garcia, Guillermo"]
[Black "Bacrot, Etienne"]
[WhiteFideId "2209764"]
[BlackFideId "605506"]
[WhiteElo "2503"]
[BlackElo "2672"]
[Result "0-1"]
[Round "07"]
[TimeControl "180+2"]
[Date "2023.05.09"]
[WhiteClock "0:00:00"]
[BlackClock "0:01:39"]

1. e4 d6 2. d4 Nf6 3. f3 g6 4. Be3 Bg7 5. Qd2 a6 6. c4 Nc6 7. Nc3 e5 8. Nge2 O-O 9. O-O-O exd4 10. Nxd4 Bd7 11. Kb1 b5 12. Nxc6 Bxc6 13. c5 b4 14. Nd5 Bxd5 15. exd5 Re8 16. Bc4 Nd7 17. c6 Nc5 18. Bxc5 dxc5 19. d6 cxd6 20. Qxd6 Qh4 21. g4 Rad8 22. Qf4 Qf2 0-1


[Site "https://www.chess.com"]

[Event "Titled Tuesday Blitz May 9 Early 2023"]
[White "Andreev, Konstantin"]
[Black "Sethuraman, S.P."]
[WhiteFideId "24239305"]
[BlackFideId "5021596"]
[WhiteElo "2106"]
[BlackElo "2543"]
[Result "0-1"]
[Round "07"]
[TimeControl "180+2"]
[Date "2023.05.09"]
[WhiteClock "0:00:08"]
[BlackClock "0:00:15"]

1. e4 g6 2. d4 Bg7 3. Nc3 c6 4. Be3 d5 5. e5 h5 6. Qd2 Nh6 7. O-O-O Nf5 8. Bf4 b5 9. Kb1 a5 10. f3 a4 11. a3 Qb6 12. Na2 Na6 13. Ne2 Rb8 14. c3 Be6 15. Nec1 c5 16. dxc5 Nxc5 17. Nb4 O-O 18. g4 hxg4 19. fxg4 Ne4 20. Qe2 Nh6 21. Be3 Qc7 22. Nxd5 Qxe5 23. Nxe7+ Kh7 24. Bd4 Qf4 25. Bxg7 Kxg7 26. Rd4 Nxc3+ 27. bxc3 Qc7 28. Nd5 Bxd5 29. Rxd5 Rfe8 30. Qb2 Nxg4 31. Bxb5 Ne3 32. c4+ Kg8 33. Rd7 Qf4 34. Qd4 Qf5+ 35. Ka2 Qc2+ 36. Qb2 Qf5 37. Rd4 Qe6 38. Re1 Qf6 39. Qd2 Nf1 40. Rxf1 Qxf1 41. Bxe8 Rxe8 42. Rd8 Rxd8 43. Qxd8+ Kh7 44. Qd2 Qxc4+ 45. Kb2 f5 46. Qc3 Qe4 47. Qc2 Qe5+ 48. Qc3 Qxh2+ 49. Qc2 Qe5+ 50. Qc3 Qh2+ 51. Qc2 Qb8+ 52. Kc3 f4 53. Kd3 Qe5 54. Qe2 Qf5+ 55. Kd2 f3 56. Qf2 g5 57. Nd3 g4 58. Ke3 Qg5+ 59. Nf4 Qe5+ 60. Kd3 Qxf4 61. Qh4+ Kg6 62. Qe7 Qf5+ 63. Ke3 Qg5+ 64. Qxg5+ Kxg5 0-1


[Site "https://www.chess.com"]

[Event "Titled Tuesday Blitz May 9 Early 2023"]
[White "WindWhistler11"]
[Black "Srihari L R"]
[BlackFideId "46617116"]
[WhiteElo "2476"]
[BlackElo "2334"]
[Result "1-0"]
[Round "07"]
[TimeControl "180+2"]
[Date "2023.05.09"]
[WhiteClock "0:00:34"]
[BlackClock "0:00:17"]

1. Nf3 Nc6 2. d4 d5 3. g3 Bf5 4. Bg2 e6 5. a3 h5 6. h4 Nf6 7. Nbd2 Be7 8. e3 O-O 9. O-O Bg4 10. Qe1 Bf5 11. Qd1 Bd6 12. b4 Bg4 13. Bb2 a6 14. Qc1 b5 15. Ne5 Bxe5 16. dxe5 Nd7 17. f4 Ne7 18. e4 c6 19. Nb3 dxe4 20. Bxe4 Nd5 21. c4 bxc4 22. Nd4 c5 23. Bxd5 exd5 24. Nc6 Qe8 25. f5 Rc8 26. Qg5 Rxc6 27. f6 1-0


[Site "https://www.chess.com"]

[Event "Titled Tuesday Blitz May 9 Early 2023"]
[White "bubeliang"]
[Black "Panda Sambit"]
[BlackFideId "25091794"]
[WhiteElo "2641"]
[BlackElo "2272"]
[Result "1-0"]
[Round "07"]
[TimeControl "180+2"]
[Date "2023.05.09"]
[WhiteClock "0:01:34"]
[BlackClock "0:00:06"]

1. e4 c6 2. c4 d5 3. cxd5 cxd5 4. exd5 Nf6 5. Nc3 Nxd5 6. Nf3 Nc6 7. d4 g6 8. h4 Bg4 9. Bc4 Nf6 10. d5 Ne5 11. Nxe5 Bxd1 12. Bb5+ Nd7 13. Bxd7+ Qxd7 14. Nxd7 Bg4 15. Ne5 Bf5 16. g4 Bc8 17. O-O f6 18. Nd3 Bxg4 19. Nc5 e5 20. Ne6 Bd6 21. f3 Bh3 22. Rd1 Kd7 23. Ne4 Be7 24. N4c5+ Bxc5+ 25. Nxc5+ Ke7 26. d6+ Kf7 27. Be3 b6 28. Nb3 Bd7 29. Rac1 Rac8 30. Kf2 Rhd8 31. Rc7 Ke6 32. Rxa7 Rc2+ 33. Rd2 Rxd2+ 34. Nxd2 b5 35. Ne4 Bc6 36. Re7+ Kf5 37. Ng3# 1-0


[Site "https://www.chess.com"]

[Event "Titled Tuesday Blitz May 9 Early 2023"]
[White "Avazkhonov, Alikhon"]
[Black "Guerra Tulcan, Lenin"]
[WhiteFideId "14208504"]
[BlackFideId "3601382"]
[WhiteElo "1739"]
[BlackElo "2368"]
[Result "0-1"]
[Round "07"]
[TimeControl "180+2"]
[Date "2023.05.09"]
[WhiteClock "0:00:00"]
[BlackClock "0:00:18"]

1. d4 Nf6 2. c4 c5 3. d5 b5 4. cxb5 a6 5. e3 axb5 6. Bxb5 Ba6 7. Bxa6 Rxa6 8. Nc3 g6 9. Nf3 Bg7 10. O-O O-O 11. e4 d6 12. Qd3 Qb6 13. a4 Nbd7 14. Bg5 h6 15. Bxf6 Bxf6 16. b3 Rfa8 17. Rab1 Qb4 18. Nb5 Rb6 19. Rfc1 Rab8 20. h3 Qa5 21. Qe3 Kg7 22. Nd2 Rxb5 23. axb5 Rxb5 24. Nc4 Qa2 25. Qd2 Qa6 26. f4 Bd4+ 27. Kh2 Nb6 28. b4 Nxc4 29. Rxc4 Bf6 30. e5 dxe5 31. Rxc5 Qb6 32. Rxb5 Qxb5 33. fxe5 Bxe5+ 34. Kh1 Bd6 35. Qe3 f6 36. Qd4 h5 37. Rc1 Qxb4 38. Qxb4 Bxb4 39. Rc7 Bd6 40. Rd7 f5 41. Ra7 Kf6 42. Kg1 Ke5 43. Ra5 Kd4 44. Kf2 Bc5 45. Kf3 g5 46. g4 hxg4+ 47. hxg4 f4 48. Ra6 Bd6 49. Ra5 Ke5 50. Rb5 Kd4 51. Ra5 Kc4 52. Ra8 Be5 53. Rg8 Bf6 54. Rd8 Kc5 55. Rd7 Kd4 56. Rd8 Ke5 57. Rd7 Kd4 58. d6 exd6 59. Rxd6+ Ke5 60. Ra6 Be7 61. Ra5+ Kd4 62. Ra4+ Ke5 63. Rb4 Bxb4 0-1


[Site "https://www.chess.com"]

[Event "Titled Tuesday Blitz May 9 Early 2023"]
[White "Girya, Olga"]
[Black "Bettalli, Francesco"]
[WhiteFideId "4195752"]
[BlackFideId "2816453"]
[WhiteElo "2263"]
[BlackElo "2216"]
[Result "1-0"]
[Round "07"]
[TimeControl "180+2"]
[Date "2023.05.09"]
[WhiteClock "0:00:06"]
[BlackClock "0:00:41"]

1. d4 g6 2. e4 Bg7 3. Nf3 c6 4. Bd3 d6 5. h3 Nd7 6. O-O Qc7 7. c3 e6 8. Be3 Ne7 9. Nbd2 O-O 10. a4 a5 11. Re1 b6 12. Nf1 Ba6 13. Bxa6 Rxa6 14. Qd2 d5 15. Bh6 dxe4 16. Rxe4 c5 17. Bxg7 Kxg7 18. Rae1 Raa8 19. Qg5 Rae8 20. Rh4 Nf5 21. Rhe4 h6 22. Qd2 cxd4 23. Nxd4 Nc5 24. Nxf5+ gxf5 25. Rh4 Rh8 26. b4 Ne4 27. Rexe4 fxe4 28. Rxe4 axb4 29. Rg4+ Kf8 30. cxb4 e5 31. Ne3 Rd8 32. Qb2 Rc8 33. Rc4 Qb8 34. Rxc8+ Qxc8 35. Qxe5 Rg8 36. Qd6+ Kg7 37. Qxb6 Kh7 38. Qf6 Qc1+ 39. Kh2 Qc7+ 40. f4 Rg6 41. Qf5 Kg7 42. a5 Qb7 43. Qe5+ f6 44. Qd4 Kh7 45. Ng4 Qc6 46. f5 Rg5 47. Nxf6+ Kh8 48. Ne4+ Rg7 49. f6 Rf7 50. Nd6 Qc7 51. Qe5 Rf8 52. f7+ Kh7 53. Qf5+ Kg7 54. Qe5+ Kh7 55. a6 Rd8 56. Qf5+ Kg7 57. Qe5+ Kf8 58. a7 Qxa7 59. Qh8+ Ke7 60. Qxd8+ Kxd8 61. f8=Q+ Kd7 62. Qf7+ Kxd6 63. Qxa7 1-0


[Site "https://www.chess.com"]